 Dungeon Crawl Stone Soup version 0.17-a0-802-g1f09329 (console) character file.

444 dunyain the Chopper (level 6, -10/44 HPs)
             Began as a Demonspawn Gladiator on Apr 26, 2015.
             Was an Initiate of Okawaru.
             Mangled by a goliath beetle (17 damage)
             ... on level 4 of the Dungeon.
             The game lasted 00:04:30 (3693 turns).

dunyain the Chopper (Demonspawn Gladiator)          Turns: 3693, Time: 00:04:30

Health: -10/44     AC:  5    Str: 15    XL:     6   Next: 72%
Magic:  6/6        EV: 15    Int: 10    God:    Okawaru [......]
Gold:   210        SH:  0    Dex: 15    Spells: 0 memorised, 5 levels left

rFire  . . .     SeeInvis .     a - +0 war axe
rCold  . . .     Clarity  .     b - +0 leather armour
rNeg   . . .     SustAb   +     (no shield)
rPois  .         Gourm    .     C - +0 helmet
rElec  .         Spirit   .     (no cloak)
rCorr  .         Warding  .     y - +0 pair of gloves
rMut   .         Stasis   .     (no boots)
MR     .....                    (no amulet)
Stlth  +.........               r - ring of sustain abilities
                                g - +3 ring of evasion

@: not resistant to hostile enchantments, very unstealthy
A: powered by pain 2
a: Renounce Religion


You were on level 4 of the Dungeon.
You worshipped Okawaru.
Okawaru was noncommittal.
You were hungry.

You visited 1 branch of the dungeon, and saw 4 of its levels.

You collected 210 gold pieces.

Inventory:

Hand weapons
 a - a +0 war axe (weapon)
Missiles
 d - 3 throwing nets (quivered)
Armour
 b - a +0 leather armour (worn)
 c - a +0 helmet
 y - a +0 pair of gloves (worn)
 C - a +0 helmet (worn)
Jewellery
 g - a +3 ring of evasion (left hand)
 r - a ring of sustain abilities (right hand)
Magical devices
 D - a wand of polymorph (9)
Scrolls
 i - 6 scrolls of identify {unknown}
 j - 2 scrolls of remove curse {unknown}
 k - 2 scrolls of fear {unknown}
 m - a scroll of magic mapping {unknown}
 p - a scroll of enchant weapon {unknown}
 u - a scroll of teleportation {unknown}
 A - a scroll of enchant armour {unknown}
 B - a scroll of random uselessness {unknown}
Potions
 q - a potion of might {unknown}
 s - a potion of mutation {unknown}
 t - a potion of heal wounds {unknown}
 v - 2 potions of haste {unknown}
 w - a potion of degeneration {unknown}
 x - a potion of brilliance {unknown}
 z - a potion of curing {unknown}
Comestibles
 e - 5 bread rations
 h - a beef jerky
 l - 2 slices of pizza
 o - 3 meat rations


   Skills:
 - Level 2.0 Fighting
 + Level 7.0 Axes
 - Level 1.7 Throwing
 - Level 2.6 Dodging


You had 5 spell levels left.
You didn't know any spells.

Dungeon Overview and Level Annotations

Branches:
Dungeon (4/15)             Temple (0/1) D:4

Altars:
Cheibriados
Okawaru
Xom


Innate Abilities, Weirdness & Mutations

You sometimes gain power by taking damage.


Message History

You hit the goliath beetle.
The goliath beetle is severely wounded.
The goliath beetle closely misses you.
You barely miss the goliath beetle.
The goliath beetle is severely wounded.
You barely miss the goliath beetle.
The goliath beetle is severely wounded.
The goliath beetle bites you!
You hit the goliath beetle.
The goliath beetle is severely wounded.
The goliath beetle bites you!
* * * LOW HITPOINT WARNING * * *
You are too injured to fight recklessly!
You barely miss the goliath beetle.
The goliath beetle is severely wounded.
You are too injured to fight recklessly!
You hit the goliath beetle.
The goliath beetle is almost dead.
The goliath beetle bites you!
You die...

#########.#.#.###.#...#
#........#.........#.#
#.########.#######...#
##.# #.#.....##..# .#.#
##..#####.#..#
.#.#######..## #.#.##
..>.........# #.#.#
.#.#######..#.####.#.##
.#..........##.B@.##..#
.#...........######...#
.#........#...........#
##.####.....##.#####.##
........######.#####.#
##.###..# #..^....#.#
...#.#..# #.####.##.#
##.#....# #.####.##.##
#.#.#..# #.#........#


You could see a goliath beetle.

Vanquished Creatures
  An ogre (D:4)
  An orc priest (D:3)
  A hound (D:4)
  A giant frog skeleton (D:4)
  Jessica (D:3)
  A worker ant (D:4)
  Robin (D:4)
  A gnoll (D:1)
  6 adders
  An ooze (D:2)
  An adder skeleton (D:4)
  3 worms
  3 giant geckos (D:2)
  9 orcs
  A ball python (D:3)
  4 bats
  5 giant cockroaches
  17 goblins
  15 hobgoblins
  4 jackals (D:1)
  20 kobolds
  4 quokkas
  A giant gecko zombie (D:1)
  7 giant newts
  A jackal zombie (D:1)
  12 rats
122 creatures vanquished.

Notes
Turn   | Place    | Note
--------------------------------------------------------------
     0 | D:1      | dunyain, the Demonspawn Gladiator, began the quest for the Orb.
     0 | D:1      | Reached XP level 1. HP: 16/16 MP: 1/1
    63 | D:1      | Reached skill level 3 in Axes
   191 | D:1      | Gained mutation: You sometimes gain a little power by taking damage. [demonic ancestry]
   191 | D:1      | Reached XP level 2. HP: 22/22 MP: 2/2
   319 | D:1      | Gained mutation: You sometimes gain power by taking damage. [demonic ancestry]
   319 | D:1      | Reached XP level 3. HP: 18/27 MP: 3/3
   588 | D:1      | Reached skill level 4 in Axes
  1170 | D:2      | Reached XP level 4. HP: 33/33 MP: 4/4
  1521 | D:2      | Reached skill level 5 in Axes
  1527 | D:2      | Found a shimmering altar of Xom.
  2000 | D:3      | Reached XP level 5. HP: 20/38 MP: 5/5
  2265 | D:3      | Found a snail-covered altar of Cheibriados.
  2360 | D:3      | Noticed Jessica
  2368 | D:3      | Killed Jessica
  2573 | D:4      | Reached skill level 6 in Axes
  2588 | D:4      | Found an iron altar of Okawaru.
  2614 | D:4      | Noticed Robin
  2645 | D:4      | Killed Robin
  2708 | D:4      | Became a worshipper of Warmaster Okawaru
  2901 | D:4      | Reached XP level 6. HP: 30/44 MP: 6/6
  3197 | D:4      | Found a staircase to the Ecumenical Temple.
  3296 | D:4      | Noticed an ogre
  3580 | D:4      | Killed an ogre
  3580 | D:4      | Reached skill level 7 in Axes
  3693 | D:4      | Mangled by a goliath beetle

Action                   |  1- 3 |  4- 6 || total
-------------------------+-------+-------++-------
Melee: War axe           |   125 |   286 ||   411
 Stab: Sleeping          |     1 |       ||     1
  Eat: Chunk             |     1 |     8 ||     9
